 Dungeon Crawl Stone Soup version 0.29.0-4-gdea44cf6ec (webtiles) character file.

Game seed: 11184550747958728387

165 qw the Chopper (level 5, 0/30 HPs)
             Began as a Tengu Warper on Aug 28, 2022.
             Slain by Sigmund
             ... wielding a +0 scythe
              (3 damage)
             ... on level 3 of the Dungeon.
             The game lasted 00:00:21 (3001 turns).

qw the Chopper (Tengu Warper)                       Turns: 3001, Time: 00:00:21

Health: 0/30       AC:  9    Str: 13    XL:     5   Next: 46%
Magic:  9/9        EV: 13    Int: 13    God:
Gold:   63         SH:  0    Dex: 14    Spells: 8/8 levels left

rFire   + . .      SeeInvis .   Y - +2 hand axe
rCold   . . .      Faith    .   (no shield)
rNeg    . . .      Spirit   .   n - +0 ring mail
rPois   .          Reflect  .   (helmet restricted)
rElec   .          Harm     .   d - +0 cloak
rCorr   .          Rampage  .   f - +2 pair of gloves
Will    .....                   (boots unavailable)
Stlth   +.........              k - amulet of the acrobat
HPRegen 0.10/turn               m - ring of protection from fire
MPRegen 0.11/turn               (no ring)

@: flying quickly and evasively, quick
A: beak, talons 3, nimble flight
a: no special abilities


You were on level 3 of the Dungeon.
You visited 1 branch of the dungeon, and saw 3 of its levels.

You collected 63 gold pieces.


Innate Abilities, Weirdness & Mutations

You have a beak for a mouth.
You have claws for feet.
Your magical nature lets you fly swiftly and evasively.


   Skills:
 - Level 2.0 Fighting
 + Level 6.0 Axes
 - Level 1.0 Throwing
 - Level 1.1 Armour
 - Level 2.1 Dodging
 - Level 2.0 Spellcasting
 - Level 2.4 Translocations


You had 8 spell levels left.
You didn't know any spells.
Your spell library contained the following spells:

 Spells                   Type           Power      Damage    Failure   Level
 Blink                    Tloc           14%        N/A       30%         2
 Gell's Gravitas          Tloc           7%         N/A       52%         3
 Lesser Beckoning         Tloc           7%         N/A       52%         3
 Teleport Other           Tloc           7%         N/A       52%         3
 Manifold Assault         Tloc           7%         N/A       99%         5

Inventory:

Hand Weapons
 g - a +3 mace
 Y - a +2 hand axe (weapon)
Armour
 d - a +0 cloak (worn)
 f - a +2 pair of gloves (worn)
 n - a +0 ring mail (worn)
 q - a +0 scale mail
Jewellery
 a - a ring of willpower
 k - an amulet of the acrobat (around neck)
 m - a ring of protection from fire (left hand)
Wands
 b - a wand of digging (8)
Scrolls
 c - a scroll of identify
 l - 2 scrolls of teleportation
 o - a scroll of magic mapping {unknown}
Potions
 e - 2 potions of heal wounds
 h - a potion of flight {unknown}
 i - 2 potions of haste
 p - a potion of attraction {unknown}
 r - a potion of cancellation {unknown}

Dungeon Overview and Level Annotations

Branches:
Dungeon (3/15)

Altars:
Yredelemnul

Shops:
D:2 :

Annotations:
D:3 Sigmund


Message History

You swing at nothing.
You swing at nothing.
You hear some strange, mumbled words.
A puff of flame appears from out of thin air!
The puff of flame misses you.
You swing at nothing.
Something hits you.
You swing at nothing.
You hear some strange, mumbled words.
You are confused.
2986 ||| DRINKING potion of curing.
You feel better.
2986 ||| (to cure confusion)
Something completely misses you.
You swing at nothing.
You swing at nothing.
You hear some strange, mumbled words.
Something tries to affect you, but you resist.
You swing at nothing.
Something hits you!
You swing at nothing.
Something completely misses you.
You swing at nothing.
You swing at nothing.
Something barely misses you.
You swing at nothing.
Something hits you!
You swing at nothing.
You swing at nothing.
Something hits you but does no damage.
You swing at nothing.
Something hits you but does no damage.
You swing at nothing.
You swing at nothing.
Something hits you!
You swing at nothing.
Something hits you but does no damage.
You swing at nothing.
You swing at nothing.
Something hits you.
You die...

#....+.......# #
.#####.#....|..# . #.
.......%...#.##.#
..#.###########.........
#......# ###....#...
#......# #.###.?.#...
#).....## #.# #.#.....
#...{...# #.# #.##....
#!....@.# #.# #.###.>.
#######.# #.# .# #...
##.####.# #... #####.......#
.# #...
#####......####.###.# #...
########...................#
####
..........#.####..#..%.##..#
.####.....<.# #..####.##..#
.########...####..# #.##..#


There were no monsters in sight!

Vanquished Creatures
  Ijyb (D:3)
  A hound zombie (D:3)
  3 adders
  A white imp (D:3)
  2 worms
  A dart slug (D:1)
  2 orcs (D:3)
  6 ball pythons
  8 endoplasms
  3 giant cockroaches
  7 goblins
  11 hobgoblins
  5 jackals (D:3)
  A quokka (D:3)
  9 bats
  2 frilled lizards
  A giant cockroach zombie (D:3)
  7 kobolds
  5 rats
76 creatures vanquished.

Notes
Turn   | Place    | Note
-------+----------+-------------------------------------------
     0 | D:1      | qw the Tengu Warper began the quest for the Orb.
     0 | D:1      | Reached XP level 1. HP: 12/12 MP: 4/4
     0 | D:1      | 0 ||| qw: Version: 0.1-a-89-g26bdef1
     0 | D:1      | 0 ||| qw: Game counter: 1121
     0 | D:1      | 0 ||| qw: Always use a shield: true
     0 | D:1      | 0 ||| qw: God list: Okawaru
     0 | D:1      | 0 ||| qw: Allow faded altars: false
     0 | D:1      | 0 ||| qw: Do Orc after D:15 true
     0 | D:1      | 0 ||| qw: Do second Lair branch before Depths: true
     0 | D:1      | 0 ||| qw: Lair rune preference: random
     0 | D:1      | 0 ||| qw: Plans: Normal
     0 | D:1      | 0 ||| PLANNING D:1-11
    13 | D:1      | HP: 3/12 [kobold/+2 whip of pain (1)]
    16 | D:1      | Reached skill level 3 in Axes
    16 | D:1      | Reached XP level 2. HP: 5/17 MP: 6/6
   334 | D:1      | 334 ||| DROPPING +2 whip of pain.
   452 | D:1      | 452 ||| Stepping ~*~*~tactically~*~*~ (stealth).
   508 | D:1      | Reached XP level 3. HP: 14/21 MP: 7/7
   598 | D:1      | Found a faded altar of an unknown god.
   605 | D:1      | 605 ||| Stepping ~*~*~tactically~*~*~ (stealth).
   668 | D:1      | 668 ||| Stepping ~*~*~tactically~*~*~ (stealth).
   684 | D:1      | 684 ||| Stepping ~*~*~tactically~*~*~ (stealth).
   685 | D:1      | 685 ||| Stepping ~*~*~tactically~*~*~ (stealth).
   770 | D:1      | Reached skill level 4 in Axes
   819 | D:1      | 819 ||| Stepping ~*~*~tactically~*~*~ (stealth).
  1137 | D:1      | 1137 ||| Stepping ~*~*~tactically~*~*~ (stealth).
  1203 | D:1      | 1203 ||| UPGRADING to +0 cloak.
  1208 | D:1      | 1208 ||| UPGRADING to +0 pair of gloves.
  1213 | D:1      | 1213 ||| DROPPING amulet of faith.
  1214 | D:1      | 1214 ||| UPGRADING to amulet of the acrobat.
  1219 | D:1      | 1219 ||| READING 2 scrolls labelled LOARCH ITOUSE.
  1220 | D:1      | 1220 ||| READING scroll of enchant weapon.
  1220 | D:1      | 1220 ||| ENCHANTING +1 hand axe.
  1221 | D:1      | 1221 ||| READING 3 scrolls labelled IRRUENWIUB.
  1225 | D:1      | 1225 ||| DRINKING 3 emerald potions.
  1226 | D:1      | 1226 ||| DROPPING scroll of blinking.
  1245 | D:2      | 1245 ||| STAIRDANCE
  1250 | D:2      | 1250 ||| STAIRDANCE
  1276 | D:2      | Found Veridan's Book Shop.
  1368 | D:2      | Reached XP level 4. HP: 26/26 MP: 8/8
  1787 | D:2      | Reached skill level 5 in Axes
  2011 | D:2      | 2011 ||| UPGRADING to +2 pair of gloves.
  2021 | D:2      | 2021 ||| DROPPING +0 pair of gloves.
  2022 | D:2      | 2022 ||| UPGRADING to +0 ring mail.
  2032 | D:2      | 2032 ||| DROPPING +0 leather armour.
  2033 | D:2      | 2033 ||| UPGRADING to ring of protection from fire.
  2034 | D:2      | 2034 ||| READING scroll labelled TUMAT YWNUVIDA.
  2035 | D:2      | 2035 ||| READING 2 scrolls labelled XUYLAJ METTINN.
  2036 | D:2      | 2036 ||| DRINKING 2 fuming inky potions.
  2037 | D:2      | 2037 ||| DRINKING 2 smoky orange potions.
  2075 | D:3      | Noticed Ijyb
  2096 | D:3      | Killed Ijyb
  2271 | D:3      | Gained mutation: Your magical nature lets you fly swiftly
                  | and evasively. [Tengu growth]
  2271 | D:3      | Reached XP level 5. HP: 20/30 MP: 9/9
  2782 | D:3      | Reached skill level 6 in Axes
  2793 | D:3      | Found a basalt altar of Yredelemnul.
  2971 | D:3      | Noticed Sigmund
  2986 | D:3      | 2986 ||| DRINKING potion of curing.
  2986 | D:3      | 2986 ||| (to cure confusion)
  2998 | D:3      | HP: 2/30 [something (8)]
  3001 | D:3      | Slain by Sigmund

Levels and vault maps discovered:
D:1:      wander_arrival_peaceful_grave, layout_rooms, basic_ecumenical_altar,
          corner_web_ring, eino_curves_03, amcnicky_mini_pool_small,
          st_stairs_14, nicolae_titane
D:2:      layout_basic, serial_shops, shop, minmay_misc_feat_doors, st_stairs_2
D:3:      layout_basic, lemuel_zombie_altar_yredelemnul,
          uniq_crazy_yiuf_cottage, uniq_sigmund, uniq_ijyb

Skill      XL: |  1  2  3  4  5 |
---------------+----------------+-----
Axes           | 3 4 5 6 |  6.0
Fighting       | |  2.0
Throwing       | |  1.0
Armour         | |  1.1
Dodging        | |  2.1
Spellcasting   | |  2.0
Translocations | |  2.4

Action                   |  1- 3 |  4- 6 || total
-------------------------+-------+-------++-------
Melee: Hand axe          |    76 |   101 ||   177
       Kick              |    21 |    26 ||    47
       Peck              |    10 |    14 ||    24
       Punch             |     2 |       ||     2
Throw: Boomerang         |     7 |       ||     7
  Use: Scroll            |     3 |     2 ||     5
       Potion            |     1 |     3 ||     4
Armor: Leather armour    |    11 |    10 ||    21
       Ring mail         |       |    28 ||    28
Dodge: Dodged            |    44 |    64 ||   108

Table legend:
 A = Non-vault XP
 B = Vault XP
 C = Vault XP percentage of total XP
 D = Non-vault monster count
 E = Vault monster count
 F = Vault count percentage of total count
                 A         B        C        D         E       F
            +---------+---------+-------+---------+---------+-------
      Total |     172 |      64 |  27.1 |      69 |       7 |   9.2
            +---------+---------+-------+---------+---------+-------
        D:1 |      66 |       1 |   1.5 |      36 |       1 |   2.7
        D:2 |      51 |       5 |   8.9 |      16 |       3 |  15.8
        D:3 |      55 |      58 |  51.3 |      17 |       3 |  15.0
            +---------+---------+-------+---------+---------+-------
